Map: Newkirk Precinct TE (Void)

Players

ArT

  • Race: Protoss Protoss
  • League: Master
  • Spawn Location: 5:00

Matiz

  • Race: Protoss Protoss
  • League: Master
  • Spawn Location: 7:00

Rodzyn

  • Race: Zerg Zerg
  • League: Master

Nedi

  • Race: Zerg Zerg
  • League: Master

VOD

Have the link to the VOD?

Description

Time

  • Played on: Nov. 26, 2016, 1:58 p.m.
  • Length: 17:55
Show
View Real Time Build Order
Export as new Build Order

ArT Protoss 

Build Orders: 1 Gate Expand, Oracle Opening 

Get SALT Encoding   

  12  0:01  Probe (Chrono Boost)  
  13  0:11  Probe (Chrono Boost)  
  14  0:18  Pylon  
  14  0:22  Probe (Chrono Boost)  
  15  0:37  Probe (Chrono Boost)  
  15  0:39  Gateway  
  16  0:44  Assimilator  
  16  0:47  Probe (Chrono Boost)  
  17  0:58  Probe (Chrono Boost)  
  18  1:08  Probe (Chrono Boost)  
  19  1:24  Nexus  
  19  1:26  Probe (Chrono Boost)  
  20  1:37  Cybernetics Core  
  20  1:40  Probe (Chrono Boost)  
  20  1:46  Assimilator  
  21  1:50  Probe (Chrono Boost)  
  22  1:57  Pylon  
  23  2:01  Probe (Chrono Boost)  
  23  2:11  Adept  
  23  2:13  Warp Gate  
  26  2:17  Probe (Chrono Boost)  
  26  2:28  Stargate  
  26  2:29  Probe (Chrono Boost)  
  28  2:37  Zealot  
  28  2:38  Probe (Chrono Boost)  
  28  2:41  Probe (Chrono Boost)  
  31  2:48  Mothership Core (Chrono Boost)  
  33  2:52  Probe (Chrono Boost)  
  34  3:02  Probe (Chrono Boost)  
  35  3:07  Probe (Chrono Boost), Gateway  
  35  3:10  Oracle  
  36  3:14  Probe (Chrono Boost)  
  36  3:18  Probe (Chrono Boost)  
  41  3:24  Pylon  
  42  3:27  Probe (Chrono Boost)  
  42  3:29  Probe (Chrono Boost)  
  43  3:35  Adept  
  43  3:39  Probe (Chrono Boost)  
  46  3:42  Probe (Chrono Boost)  
  46  3:44  Pylon, Void Ray  
  47  3:54  Probe x2 (Chrono Boost)  
  53  4:05  Probe (Chrono Boost)  
  53  4:07  Probe (Chrono Boost)  
  55  4:15  Probe (Chrono Boost)  
  56  4:18  Nexus  
  56  4:21  Pylon  
  56  4:23  Probe (Chrono Boost)  
  57  4:31  Probe (Chrono Boost)  
  57  4:33  Probe (Chrono Boost)  
  57  4:34  Pylon  
  59  4:42  Probe (Chrono Boost)  
  59  4:44  Probe (Chrono Boost)  
  59  4:45  Forge, Twilight Council  
  62  4:53  Probe (Chrono Boost)  
  62  4:55  Probe (Chrono Boost)  
  62  4:56  Robotics Facility  
  63  5:00  Adept x2  
  63  5:03  Probe (Chrono Boost)  
  63  5:05  Probe (Chrono Boost), Protoss Ground Weapons Level 1  
  69  5:08  Resonating Glaives  
  69  5:11  Pylon  
  70  5:14  Probe (Chrono Boost)  
  70  5:16  Probe (Chrono Boost)  
  71  5:28  Probe x2 (Chrono Boost)  
  73  5:30  Probe (Chrono Boost)  
  74  5:36  Gateway  
  74  5:37  Gateway  
  74  5:38  Gateway  
  74  5:39  Gateway  
  74  5:41  Warp Prism  
  76  5:52  Probe x2 (Chrono Boost)  
  78  5:59  Gateway x2  
  78  6:02  Gateway x2  
  78  6:06  Pylon  
  78  6:12  Assimilator x2  
  78  6:15  Probe (Chrono Boost)  
  78  6:16  Probe x2 (Chrono Boost), Adept  
  78  6:17  Adept  
  85  6:32  Probe x2 (Chrono Boost)  
  87  6:35  Pylon  
  87  6:36  Pylon  
  87  6:38  Pylon  
  87  6:39  Adept x6  
  99  6:48  Observer  
  99  6:50  Pylon  
  100  6:58  Probe x2 (Chrono Boost)  
  100  7:01  Adept x6  
  104  7:03  Adept x3  
  104  7:05  Adept  
  116  7:22  Adept x6  
  110  7:23  Protoss Ground Weapons Level 2  
  110  7:27  Adept x4  
  96  7:38  Assimilator  
  96  7:40  Assimilator  
  97  7:45  Probe (Chrono Boost)  
  97  7:46  Adept x5  
  97  7:49  Pylon  
  105  7:57  Probe x2 (Chrono Boost)  
  103  8:00  Probe (Chrono Boost)  
  98  8:09  Probe (Chrono Boost)  
  98  8:10  Probe (Chrono Boost)  
  98  8:11  Warp Prism, Robotics Bay  
  95  8:13  Robotics Facility  
  95  8:20  Sentry x3  
  100  8:30  Adept x7  
  114  8:46  Adept x3  
  114  8:47  Pylon  
  104  8:56  Disruptor x2  
  108  9:11  Photon Cannon  
  108  9:14  Pylon  
  108  9:19  Adept x2  
  108  9:20  Adept x2  
  108  9:24  Pylon, Blink  
  116  9:28  Adept x6  
  124  9:34  Pylon  
  118  9:43  Mothership Core (Chrono Boost)  
  118  9:44  Adept  
  118  9:45  Adept x3  
  116  9:49  Adept x2  
  116  9:50  Pylon  
  116  9:59  Adept x2  
  120  10:00  Adept x2  
  120  10:04  Robotics Bay  
  124  10:07  Protoss Ground Weapons Level 3, Stalker x2  
  124  10:10  Stalker  
  130  10:14  Zealot  
  130  10:19  Observer  
  130  10:25  Adept x4  
  139  10:33  Pylon  
  139  10:45  Colossus x2  
  149  10:57  Nexus  
  149  11:00  Photon Cannon  
  149  11:02  Assimilator  
  149  11:07  Assimilator  
  149  11:15  Stalker x5  
  159  11:24  Stalker x2  
  159  11:35  Colossus  
  159  11:42  Pylon  
  163  11:47  Pylon  
  163  11:48  Pylon, Colossus, Photon Cannon  
  161  11:58  Stalker  
  165  12:01  Adept x2  
  165  12:04  Adept  
  165  12:06  Adept  
  165  12:07  Pylon  
  173  12:13  Stalker  
  173  12:14  Stalker  
  177  12:26  Stalker x3  
  183  12:30  Templar Archives  
  183  12:33  Pylon  
  183  12:35  Warp Prism  
  173  12:49  Adept x4  
  173  12:50  Adept  
  177  13:02  Adept  
  177  13:03  Adept x2  
  177  13:05  Adept  
  173  13:11  Adept  
  173  13:12  Adept  
  167  13:31  Nexus  
  165  13:47  High Templar x4  
  165  13:48  High Templar x2, Adept x2  
  135  13:49  Adept x2  
  88  14:10  Stalker x9  
  102  14:33  High Templar x2  
  102  14:34  High Templar x3  
  108  14:38  Nexus  
  108  14:39  Archon x2  
  108  14:41  High Templar x2  
  108  14:45  Archon  
  112  14:46  High Templar  
  112  14:51  Archon  
  114  14:58  High Templar x2  
  118  15:03  Archon  
  118  15:12  Pylon  
  118  15:13  Pylon, Warp Prism  
  118  15:15  Pylon  
  120  15:34  High Templar x2  
  124  15:36  Stalker x2  
  98  15:44  Archon  
  92  16:03  Assimilator  
  92  16:04  Assimilator  
  92  16:06  Adept x6  
  84  16:28  High Templar x2  
  84  16:29  Adept x3  
  84  16:30  Adept x2  
  84  16:31  Zealot x2  
  84  16:33  Archon  
  80  16:43  Adept  
  76  17:08  Adept x4  
  80  17:09  Adept x2  
  80  17:13  Nexus  
  88  17:17  Pylon  
Show
View Real Time Build Order
Export as new Build Order

Matiz Protoss 

Build Orders:  

Get SALT Encoding   

  12  0:00  Drone  
  13  0:14  Overlord  
  13  0:17  Drone  
  14  0:24  Drone, Extractor  
  15  0:33  Drone  
  16  0:37  Drone  
  17  0:55  Hatchery, Drone  
  17  0:59  Drone  
  18  1:12  Spawning Pool  
  18  1:14  Extractor  
  18  1:17  Drone  
  17  1:20  Drone  
  18  1:30  Drone  
  19  1:44  Hatchery  
  19  1:47  Drone  
  19  1:55  Drone  
  19  1:59  Queen  
  22  2:10  Queen  
  22  2:14  Zergling x2  
  25  2:16  Drone  
  26  2:23  Overlord  
  26  2:25  Drone  
  27  2:30  Metabolic Boost  
  28  2:37  Drone  
  28  2:43  Zergling x4  
  30  2:45  Drone x2  
  32  2:53  Drone  
  32  2:55  Queen  
  32  2:57  Drone  
  36  3:01  Overlord  
  36  3:10  Drone x4  
  40  3:13  Drone  
  40  3:19  Drone  
  43  3:20  Drone  
  43  3:25  Drone x2  
  43  3:26  Drone x2  
  47  3:34  Overlord  
  47  3:35  Drone  
  47  3:36  Drone  
  49  3:45  Spore Crawler  
  49  3:46  Spore Crawler  
  49  3:47  Spore Crawler  
  49  3:48  Overlord  
  46  3:49  Drone  
  46  3:51  Drone  
  46  3:55  Drone x2  
  50  3:58  Drone x2  
  52  4:03  Overlord  
  52  4:04  Drone x2  
  53  4:10  Drone  
  53  4:11  Drone x3  
  53  4:15  Lair  
  57  4:20  Evolution Chamber, Overlord  
  57  4:22  Drone  
  57  4:25  Drone x3  
  57  4:28  Drone  
  57  4:29  Drone  
  57  4:30  Extractor  
  61  4:33  Drone x3  
  64  4:45  Overlord, Drone x5  
  69  4:47  Queen  
  69  4:48  Overlord  
  69  4:52  Queen  
  71  4:54  Overlord  
  71  4:58  Zerg Missile Weapons Level 1  
  73  5:02  Overlord  
  73  5:06  Drone x5  
  78  5:09  Extractor  
  78  5:10  Extractor x2  
  75  5:18  Overseer  
  75  5:19  Overlord  
  75  5:20  Drone x2  
  75  5:21  Drone x4  
  78  5:22  Drone x3  
  78  5:23  Extractor  
  78  5:27  Zergling x2  
  78  5:28  Zergling x2, Overlord  
  85  5:32  Hatchery  
  84  5:45  Infestation Pit, Drone x2  
  84  5:46  Hydralisk Den  
  84  5:53  Drone x4  
  84  5:54  Drone x5  
  93  6:01  Drone x2  
  95  6:06  Overlord x2  
  95  6:08  Zergling x4  
  97  6:11  Queen  
  97  6:14  Overlord  
  99  6:19  Hydralisk x2  
  99  6:20  Grooved Spines, Hydralisk x5  
  113  6:26  Baneling Nest  
  113  6:30  Hydralisk x2  
  115  6:34  Hydralisk x2  
  115  6:38  Hydralisk x2, Overlord  
  115  6:39  Hydralisk  
  125  6:43  Hydralisk  
  125  6:44  Hydralisk  
  129  6:51  Hydralisk x2, Overseer  
  129  6:52  Hydralisk x2  
  137  7:01  Hydralisk x3  
  137  7:04  Zergling x8  
  143  7:16  Hydralisk x4  
  143  7:17  Zergling x6  
  140  7:22  Hydralisk  
  140  7:23  Hydralisk x2  
  140  7:27  Queen  
  140  7:29  Queen  
  146  7:33  Hydralisk x3  
  146  7:36  Baneling x2  
  152  7:37  Baneling  
  152  7:56  Hydralisk x2  
  152  7:57  Zergling x4, Hydralisk  
  152  7:58  Zergling x6  
  149  7:59  Extractor  
  140  8:10  Hydralisk x6  
  148  8:19  Zergling x4  
  152  8:20  Zergling x4  
  152  8:21  Overlord x2  
  152  8:23  Zerg Melee Weapons Level 1  
  152  8:27  Baneling x5  
  152  8:31  Overlord  
  152  8:32  Overlord  
  145  8:43  Drone x6  
  144  8:53  Zergling x2  
  144  8:54  Zergling x12  
  146  8:57  Centrifical Hooks  
  146  9:04  Overseer  
  146  9:05  Queen  
  146  9:06  Baneling x8  
  148  9:11  Zergling x20  
  148  9:14  Overlord  
  158  9:20  Baneling x5  
  158  9:21  Baneling  
  158  9:27  Zergling x12  
  137  9:45  Zergling x18  
  135  9:50  Muscular Augments  
  132  9:55  Baneling  
  132  9:56  Baneling x9  
  132  9:59  Swarm Host x3  
  139  10:04  Drone x2  
  137  10:20  Swarm Host x2  
  137  10:21  Swarm Host x2  
  148  10:37  Swarm Host x3  
  148  10:40  Drone  
  148  10:41  Drone x2  
  148  10:42  Drone x4  
  162  10:44  Queen  
  163  10:56  Overlord  
  163  10:58  Zergling x34  
  180  11:04  Zerg Melee Weapons Level 2  
  179  11:23  Infestation Pit  
  175  11:26  Zergling x12  
  175  11:27  Zergling x2  
  175  11:30  Queen  
  180  11:42  Drone  
  180  11:43  Drone x8  
  183  11:54  Drone x5  
  187  12:02  Hive  
  187  12:03  Spire  
  187  12:07  Hatchery  
  185  12:12  Zergling x14  
  192  12:16  Spine Crawler  
  192  12:17  Spine Crawler  
  176  12:59  Zergling x10  
  176  13:00  Zergling x38  
  185  13:06  Overseer  
  185  13:10  Zergling x6  
  175  13:18  Baneling x8  
  175  13:19  Zergling x4  
  178  13:20  Zergling x8  
  178  13:25  Baneling  
  178  13:26  Baneling x28  
  177  13:30  Overlord  
  177  13:31  Overlord x2  
  124  13:52  Zergling x2  
  124  13:53  Zergling x20  
  129  14:02  Zergling x2  
  116  14:06  Adrenal Glands, Drone  
  109  14:15  Baneling x6  
  109  14:20  Zergling x8  
  112  14:29  Zergling x10  
  115  14:31  Baneling x3  
  115  14:32  Baneling x2  
  115  14:33  Baneling  
  112  14:40  Queen  
  112  14:43  Zergling x2  
  112  14:44  Zergling x10  
  120  14:52  Zerg Melee Weapons Level 3  
  118  15:00  Zergling x20  
  118  15:04  Baneling x6  
  118  15:06  Zergling x2  
  129  15:10  Zergling x8  
  129  15:39  Zergling x2  
  129  15:40  Zergling x44  
  114  15:50  Zergling x2  
  114  15:51  Zergling x6  
  114  15:55  Zergling x4  
  114  15:56  Zergling x8  
  120  16:10  Zergling x14  
  119  16:13  Zergling x2  
  118  16:21  Zergling x2  
  118  16:22  Zergling x4  
  114  16:25  Zergling x4  
  114  16:26  Zergling x6  
  114  16:31  Zergling x4  
  116  16:34  Hatchery  
  116  16:35  Zergling x4  
  109  16:40  Zergling x4  
  109  16:44  Zergling x2  
  106  16:49  Baneling x4  
  106  16:50  Baneling x3  
  106  16:53  Zergling x10  
  106  16:54  Zergling x2  
  111  17:00  Corruptor x3  
  117  17:26  Zergling x22  
  117  17:29  Baneling x3  
Show
View Real Time Build Order
Export as new Build Order

Rodzyn Zerg 

Build Orders:  

Get SALT Encoding   

Show
View Real Time Build Order
Export as new Build Order

Nedi Zerg 

Build Orders:  

Get SALT Encoding   

Tags
 
Add a new tag
Caveats
  • Supply blocks, unpowered buildings, or Contaminate may cause inaccurate times.
  • Supply counts are checked every 10 seconds.